 Dungeon Crawl Stone Soup version 0.31-a0-263-ge8cad7f256 (webtiles) character file.

Game seed: 3555732489743636385

510396 Shard1697 the Worldbinder (level 23, -1/201 HPs)
             Began as a Grey Draconian Summoner on July 13, 2023.
             Was a High Priest of Sif Muna.
             Killed from afar by a red draconian scorcher (28 damage)
             ... with damnation
             ... on level 4 of the Realm of Zot.
             The game lasted 02:44:44 (72437 turns).

Shard1697 the Worldbinder (DrSu)                   Turns: 72437, Time: 02:44:45

Health: -1/201     AC: 28    Str: 13      XL:     23   Next: 92%
Magic:  19/38      EV: 25    Int: 20 (21) God:    Sif Muna [*****.]
Gold:   1296       SH: 21    Dex: 21      Spells: 2/44 levels left

rFire   + . .        a - +9 demon blade (spect)
rCold   + . .        W - +1 kite shield
rNeg    . . .        (body armour unavailable)
rPois   +            C - +2 hat of Tentacled Music {Dex+3 Slay+3}
rElec   .            P - +2 cloak {rCorr}
rCorr   +            y - +2 pair of gloves {Dex+3}
SInv    .            X - +3 pair of mountain boots {steadfast, rC+}
Will    +....        x - amulet of reflection
Stlth   +++          A - ring of protection from fire
HPRegen 0.53/turn    L - ring of poison resistance
MPRegen 0.26/turn

%: reflection
@: no status effects
A: AC +16, amphibious, unfitting armour, cold-blooded, mutation resistance 1
}: 3/15 runes: decaying, serpentine, silver
a: Renounce Religion, Channel Magic, Forget Spell, Divine Exegesis


You were on level 4 of the Realm of Zot.
You worshipped Sif Muna.
Sif Muna was extremely pleased with you.
You visited 10 branches of the dungeon, and saw 47 of its levels.
You visited the Abyss 2 times.
You also visited: Bailey and Volcano.

You collected 5847 gold pieces.
You spent 4551 gold pieces at shops.

Inventory:

Hand Weapons
 a - a +9 spectral demon blade (weapon)
 b - the +10 zealot's sword {holy, Zealotry, *Rage rN+ EV+3}
   (You took it off a deep elf sorcerer on level 3 of the Elven Halls)

   Zealotry:  Whenever the wielder enters a berserk rage, their allies are
   berserked alongside them.
   EV:        It affects your evasion (+3).
   rN:        It protects you from negative energy.
   *Rage:     It berserks you when you make melee attacks (+20% chance).
Armour
 y - a +2 pair of gloves of dexterity (worn)
 C - the +2 hat of Tentacled Music (worn) {Dex+3 Slay+3}
   (You acquired it on level 4 of the Snake Pit)

   Dex:       It affects your dexterity (+3).
   Slay:      It affects your accuracy & damage with ranged weapons and melee
   (+3).
 K - a +2 buckler of cold resistance
 P - a +2 cloak of preservation (worn)
 V - a +2 cloak of stealth
 W - a +1 kite shield (worn)
 X - the +3 pair of mountain boots (worn) {steadfast, rC+}
   (You found it on level 4 of the Snake Pit)

   Steadfast: It prevents involuntary movement, except for blinking,
   teleportation, or banishment.
   rC:        It protects you from cold.
Jewellery
 n - the ring "Ereu" {rC++ SInv}
   (You took it off a frost giant on level 5 of the Vaults)

   [ring of see invisible]

   rC:        It greatly protects you from cold.
   SInv:      It lets you see invisible.
 r - a ring of willpower
 v - a ring of resist corrosion
 x - an amulet of reflection (around neck)
 A - a ring of protection from fire (left hand)
 F - a ring of protection from cold
 G - a +4 ring of protection
 L - a ring of poison resistance (right hand)
 R - the ring "Doroh" {+Blink rElec rC+ Slay-5}
   (You found it on level 1 of the Depths)

   [ring of protection from cold]

   Slay:      It affects your accuracy & damage with ranged weapons and melee
   (-5).
   rC:        It protects you from cold.
   rElec:     It insulates you from electricity.
   +Blink:    It lets you blink.
Wands
 p - a wand of light (24)
 w - a wand of roots (39)
 O - a wand of charming (43)
 Q - a wand of digging (12)
 U - a wand of mindburst (32)
Scrolls
 c - 2 scrolls of fear
 g - 8 scrolls of vulnerability
 j - 3 scrolls of amnesia
 m - a scroll of summoning
 o - 4 scrolls of fog
 q - 29 scrolls of identify
 s - 5 scrolls of teleportation
 J - a scroll of revelation
 M - 3 scrolls of silence
 N - a scroll of blinking
 S - 5 scrolls of poison
Potions
 d - 8 potions of might
 e - 9 potions of curing
 f - 3 potions of resistance
 h - 5 potions of haste
 i - 10 potions of enlightenment
 k - 2 potions of berserk rage
 l - 12 potions of mutation
 t - 9 potions of attraction
 z - 3 potions of ambrosia
 B - 4 potions of lignification
 D - 4 potions of invisibility
 E - 2 potions of brilliance
 H - 4 potions of magic
 I - a potion of cancellation


   Skills:
 + Level 15.9 Fighting
 - Level 15.3 Long Blades
 - Level 18.1 Dodging
 - Level 5.0 Stealth
 - Level 15.3 Shields
 - Level 11.0 Spellcasting
 - Level 9.7 Conjurations
 - Level 4.0 Hexes
 + Level 22.2 Summonings
 - Level 12.7 Translocations
 - Level 8.2 Fire Magic
 - Level 6.5 Air Magic
 + Level 9.3 Invocations


You had 2 spell levels left.
You knew the following spells:

 Your Spells              Type           Power      Damage    Failure   Level
a - Vhi's Electric Charg  Tloc/Air       98%        N/A       1%          3
b - Blink                 Tloc           100%       N/A       1%          2
c - Passage of Golubria   Tloc           58%        N/A       1%          4
d - Summon Cactus Giant   Summ           39%        N/A       1%          6
e - Fireball              Conj/Fire      23%        3d11      9%          5
f - Summon Horrible Thin  Summ           39%        N/A       9%          8
g - Malign Gateway        Summ/Tloc      34%        N/A       8%          7
t - Monstrous Menagerie   Summ           39%        N/A       1%          7

Your spell library contained the following spells:

 Spells                   Type           Power      Damage    Failure   Level
 Summon Small Mammal      Summ           100%       N/A       0%          1
 Call Imp                 Summ           100%       N/A       0%          2
 Apportation              Tloc           100%       N/A       1%          1
 Foxfire                  Conj/Fire      100%       2x1d9     1%          1
 Kiss of Death            Conj/Necr      100%       2d13      1%          1
 Magic Dart               Conj           100%       1d8       1%          1
 Shock                    Conj/Air       100%       1d9       1%          1
 Lesser Beckoning         Tloc           100%       N/A       1%          2
 Momentum Strike          Conj/Tloc      100%       3d10      1%          2
 Scorch                   Fire           86%        2d9       1%          2
 Searing Ray              Conj           98%        2d8       1%          2
 Static Discharge         Conj/Air       86%        2-6/arc   1%          2
 Slow                     Hex            100%       N/A       2%          1
 Poisonous Vapours        Pois/Air       48%        N/A       4%          2
 Cigotuvi's Dreadful Rot  Necr/Pois/Air  38%        N/A       7%          2
 Ensorcelled Hibernation  Hex/Ice        38%        N/A       8%          2
 Necrotise                Necr           44%        1d6       12%         1
 Sandblast                Erth           22%        2d7       12%         1
 Sting                    Tmut/Pois      44%        1d5       12%         1
 Passwall                 Tmut/Erth      9%         N/A       17%         2
 Wereblood                Tmut           11%        N/A       17%         2
 Call Canine Familiar     Summ           79%        N/A       0%          3
 Dazzling Flash           Conj/Hex       76%        N/A       1%          3
 Gell's Gravitas          Tloc           58%        N/A       1%          3
 Portal Projectile        Hex/Tloc       88%        N/A       1%          3
 Summon Guardian Golem    Hex/Summ       59%        N/A       1%          3
 Teleport Other           Tloc           58%        N/A       1%          3
 Volatile Blastmotes      Fire/Tloc      100%       2d18      1%          3
 Iskenderun's Mystic Bla  Conj/Tloc      54%        2d12      1%          4
 Manifold Assault         Tloc           58%        N/A       1%          4
 Summon Ice Beast         Ice/Summ       53%        N/A       1%          4
 Summon Lightning Spire   Summ/Air       62%        N/A       1%          4
 Summon Forest            Summ/Tloc      34%        N/A       1%          5
 Summon Mana Viper        Hex/Summ       59%        N/A       1%          5
 Summon Hydra             Summ           39%        N/A       1%          7
 Inner Flame              Hex/Fire       35%        N/A       2%          3
 Swiftness                Air            37%        N/A       2%          3
 Mephitic Cloud           Conj/Pois/Air  32%        N/A       3%          3
 Flame Wave               Conj/Fire      46%        2d12      3%          4
 Sticky Flame             Conj/Fire      46%        2d6       3%          4
 Hailstorm                Conj/Ice       30%        3d8       4%          3
 Stone Arrow              Conj/Erth      60%        3d10      4%          3
 Iskenderun's Battlesphe  Conj           49%        2d10      6%          5
 Confusing Touch          Hex            27%        N/A       7%          3
 Tukima's Dance           Hex            27%        N/A       7%          3
 Fulminant Prism          Conj/Hex       19%        3d11      7%          4
 Airstrike                Air            18%        2d(3-19)  8%          4
 Dispersal                Tloc           29%        N/A       10%         6
 Ignite Poison            Fire/Tmut/Pois 21%        N/A       12%         3
 Arcjolt                  Conj/Air       21%        1d31      12%         5
 Spellforged Servitor     Conj/Summ      33%        N/A       14%         7
 Cause Fear               Hex            13%        N/A       22%         4
 Ozocubu's Armour         Ice            11%        N/A       34%         3
 Vampiric Draining        Necr           11%        2d6       34%         3
 Freezing Cloud           Conj/Ice/Air   16%        6-21      34%         5
 Silence                  Hex/Air        16%        N/A       36%         5
 Irradiate                Conj/Tmut      15%        3d16      41%         5
 Starburst                Conj/Fire      23%        6d8       41%         6
 Anguish                  Hex/Necr       9%         N/A       45%         4
 Leda's Liquefaction      Hex/Erth       9%         N/A       45%         4
 Conjure Ball Lightning   Conj/Air       21%        3x3d6     54%         6
 Plasma Beam              Fire/Air       20%        2x1d32    65%         6
 Haunt                    Necr/Summ      26%        N/A       71%         7
 Animate Dead             Necr           11%        N/A       75%         4
 Dispel Undead            Necr           11%        3d9       75%         4
 Olgreb's Toxic Radiance  Pois           11%        N/A       75%         4
 Petrify                  Tmut/Erth      11%        N/A       75%         4
 Dragon's Call            Summ           39%        N/A       78%         9
 Metabolic Englaciation   Hex/Ice        9%         N/A       80%         5
 Yara's Violent Unravell  Hex/Tmut       9%         3d6       80%         5
 Orb of Destruction       Conj           24%        9d9       88%         7
 Leda's Unmaking          Conj/Erth      15%        9d3       94%         6
 Agony                    Necr           11%        N/A       97%         5
 Borgnjor's Vile Clutch   Necr/Erth      5%         N/A       97%         5
 Lee's Rapid Deconstruct  Erth           5%         3d6*      97%         5
 Disjunction              Tloc           29%        N/A       99%         8
 Death Channel            Necr           5%         N/A       100%        6
 Eringya's Noxious Bog    Tmut/Pois      5%         4d6       100%        6
 Simulacrum               Ice/Necr       5%         N/A       100%        6
 Enfeeble                 Hex            13%        N/A       100%        7
 Ozocubu's Refrigeration  Ice            5%         4d8       100%        7
 Discord                  Hex            13%        N/A       100%        8
 Ignition                 Fire           21%        3d8       100%        8
 Infestation              Necr           5%         N/A       100%        8
 Lehudib's Crystal Spear  Conj/Erth      15%        10d5      100%        8
 Maxwell's Capacitive Co  Air            18%        ∞         100%        8
 Chain Lightning          Conj/Air       21%        3d28      100%        9
 Animate Armour           Summ/Erth      Unusable   N/A       N/A         4

Dungeon Overview and Level Annotations

Branches:
Dungeon (15/15)            Temple (1/1) D:7            Lair (5/5) D:8
  Swamp (4/4) Lair:2        Snake (4/4) Lair:2        Slime (0/5) Lair:4
    Orc (2/2) D:11            Elf (3/3) Orc:2        Vaults (5/5) D:13
  Crypt (0/3) Vaults:3     Depths (4/4) D:15            Zot (4/5) Depths:4
 Bailey (visited)         Volcano (visited)

Altars:
Ashenzari
Cheibriados
Dithmenos
Elyvilon
Fedhas
Gozag
Hepliaklqana
Kikubaaqudgha
Makhleb
Nemelex Xobeh
Okawaru
Qazlal
Ru
Sif Muna
Trog
Uskayaw
Vehumet
Wu Jian
Xom
Yredelemnul
Zin
The Shining One
Jiyva

Shops:
D:6 !   D:10 ?   D:14 *   Orc:2 !((!   Elf:2 =   Snake:1 (*=(   Vaults:1 *
Depths:1 (   Depths:2 *   Depths:4 :

Portals:
Hell: Depths:1 Depths:2 Depths:3 Depths:4
Abyss: Depths:2 Depths:3 Depths:4
Pandemonium: Depths:2
Ziggurat: Depths:2
Trove: D:13 (give 12 potions of heal wounds)

Annotations:
Lair:1 2 transporters, exclusion: oklob plant, Offeog's ghost, journeyman DDFi
Elf:1 1 runed translucent door


Innate Abilities, Weirdness & Mutations

Your dull iron-grey scales are very hard. (AC +16)
You are amphibious.
You cannot fit into any form of body armour.
You are cold-blooded and may be slowed by cold attacks.
You are somewhat resistant to further mutation.


Message History

Your large abomination hits the green draconian!
The green draconian dies!
Sif Muna accepts your kill.
You swap places.
Your +9 spectral demon blade disappears.
The red draconian scorcher points at you and mumbles some strange words.
The sphere of damnation explodes!
The damnation engulfs you!!
* * * LOW HITPOINT WARNING * * *
The damnation engulfs your large abomination!!
Your large abomination is destroyed!
Your large abomination disappears in a puff of smoke!
The damnation engulfs your large abomination!!
Your large abomination is destroyed!
Your large abomination disappears in a puff of smoke!
Casting: Summon Horrible Things (dangerous; 9% risk of failure)
Confirm with . or Enter, or press ? or * to list all spells.
Okay, then.
The red draconian scorcher hits your large abomination but does no damage.
Your large abomination hits the red draconian scorcher.
Your magical contamination has completely faded away.
The yellow draconian annihilator hits your large abomination with a +0 dagger!
Your large abomination hits the yellow draconian annihilator!
The red draconian scorcher casts a spell at you.
The sphere of damnation explodes!
The damnation engulfs you!!
* * * LOW HITPOINT WARNING * * *
A golden dragon comes into view.
The yellow draconian annihilator points at you and mumbles some strange words.
The poison arrow hits your large abomination!
Your large abomination partially resists.
Your large abomination hits the yellow draconian annihilator!!
The red draconian scorcher is no longer covered in acid.
Something bites your large abomination!!
Your large abomination is destroyed!
Your large abomination disappears in a puff of smoke!
The yellow draconian annihilator gestures at you while chanting.
The poison arrow misses you.
The yellow draconian is no longer covered in acid.
The red draconian scorcher gestures at you while chanting.
The sphere of damnation explodes!
The damnation engulfs you!!
You die...

#<......##
######...##
##...##
##...##
##...##
##...##
##...##
##...##
##@..#
##..# #d.#
#..# #..#
#.q# #..#
## #q.#


qd. #).# ..d. You could see a yellow draconian, a yellow draconian annihilator
and a red draconian scorcher.

Vanquished Creatures
  2 dread liches
  An orb of fire (Zot:2)
  A curse toe (Zot:2)
  3 caustic shrikes
  the Lernaean hydra (Swamp:4)
  2 golden dragons
  4 bone dragons
  3 liches
  6 tentacled monstrosities
  2 titans
  3 deep elf blademasters
  3 quicksilver dragons
  2 deep elf master archers (Elf:3)
  7 tentacled starspawn
  2 death cobs
  3 sphinxes
  A shadow dragon (Depths:2)
  A thorn hunter (Swamp:4)
  7 tengu reavers
  Gastronok (Lair:1)
  The ghost of Necop the Impaler, an adept AtBe of Trog (Swamp:4)
  A nagaraja (Snake:4)
  2 storm dragons
  A fenstrider witch (Swamp:4)
  A draconian knight (Zot:3)
  9 frost giants
  10 fire giants
  7 deep elf sorcerers
  7 vault wardens
  2 iron dragons
  A draconian shifter (Zot:3)
  A balrug (Depths:3)
  2 deep elf elementalists
  2 war gargoyles
  An orc warlord (Orc:2)
  3 spriggan defenders
  9 ironbound preservers
  A draconian annihilator (Zot:3)
  8 stone giants
  A reaper (Depths:3)
  6 ironbound thunderhulks
  A green draconian (Zot:3)
  5 deep elf demonologists
  7 deep elf annihilators
  2 vampire knights
  10 very ugly things
  2 black draconians
  2 white draconians (Zot:3)
  2 eleionomae
  5 bunyips
  Nessos (Orc:2)
  A yellow draconian (Zot:3)
  A dire elephant (Vaults:1)
  2 purple draconians
  2 spark wasps
  A red draconian (Zot:3)
  A blizzard demon (Depths:3)
  7 deep elf death magi
  6 ettins
  5 fire dragons
  6 entropy weavers
  A shambling mangrove (Swamp:4)
  2 deep elf high priests (Elf:3)
  7 yaktaur captains
  4 great orbs of eyes
  8 vault guards
  A hell beast (Depths:3)
  13 hydras
  13 anacondas
  2 salamander tyrants (Snake:4)
  5 ghost crabs
  2 rakshasas
  8 spriggan air magi
  Erolcha (D:12)
  3 peacekeepers
  A spriggan skeleton (Abyss:2)
  7 ice dragons
  A catoblepas (Lair:4)
  5 ironbound frosthearts
  11 centaur warriors
  9 alligators
  9 naga warriors
  4 deep troll shamans
  8 tengu warriors
  3 two-headed ogres
  2 boulder beetles
  25 dancing weapons
  5 death yaks
  5 deep troll earth magi
  5 shock serpents
  5 naga sharpshooters
  2 orc high priests
  A hell hog (Abyss:3)
  11 spriggan berserkers
  3 vampire magi
  2 demonic crawlers (Abyss:3)
  4 sun demons
  8 thrashing horrors
  4 wretched stars
  5 iron trolls
  16 deep elf knights
  4 hell knights
  A shadow wraith (Vaults:4)
  A fire crab (shapeshifter) (Elf:1)
  2 salamander mystics
  A sixfirhy (Abyss:3)
  4 skeletal warriors (D:12)
  4 goliath frogs
  2 flayed ghosts (Depths:3)
  40 deep trolls
  2 naga ritualists
  14 swamp dragons
  15 bog bodies
  6 glowing orange brains
  Amaemon (Lair:2)
  2 phantasmal warriors (Vaults:5)
  A deep troll (shapeshifter) (Vaults:5)
  8 lindwurms
  5 sea snakes (Snake:4)
  4 orc knights (Orc:2)
  6 deep elf archers
  4 necromancers
  7 wizards
  31 starcursed masses
  17 ironbound convokers
  A shadow demon (Abyss:3)
  18 deep elf zephyrmancers
  13 mana vipers
  A harpy (Vaults:1)
  An orc sorcerer (Elf:3)
  31 deep elf pyromancers
  An oklob plant (Lair:3)
  2 worldbinders
  25 ugly things
  3 manticores
  7 cyclopes
  4 moths of wrath
  4 elephants
  14 salamanders
  4 will-o-the-wisps
  An apocalypse crab (Abyss:3)
  9 guardian serpents
  2 smoke demons (Abyss:3)
  8 vault sentinels
  2 centaur skeletons (Abyss:3)
  9 naga magi
  4 orange demons
  30 black mambas
  3 torpor snails
  An eye of devastation (Abyss:3)
  8 cane toads
  A gargoyle (D:14)
  2 molten gargoyles (Lair:5)
  12 yaktaurs
  3 freezing wraiths
  2 efreet
  An ice devil (Depths:2)
  7 tengu conjurers
  11 komodo dragons
  3 ancient zymes
  A komodo dragon (shapeshifter) (Vaults:5)
  4 trolls
  A red devil (Abyss:3)
  2 meliai (D:15)
  A hellwing (Depths:2)
  A polar bear (Lair:4)
  A tarantella (shapeshifter) (D:15)
  A merfolk (shapeshifter) (Depths:2)
  3 tyrant leeches
  Prince Ribbit (D:8)
  A tarantella (Vaults:4)
  5 saltlings (Orc:2)
  9 blink frogs
  12 hornets
  A dream sheep (shapeshifter) (Depths:3)
  10 slime creatures
  2 dream sheep
  5 raiju (Abyss:3)
  6 flying skulls (Abyss:2)
  A culicivora (Vaults:3)
  10 spriggans
  5 air elementals
  2 wraiths
  18 water elementals
  2 shadows
  6 ynoxinuls
  9 large abominations
  31 yaks
  8 fire elementals
  3 wyverns
  3 basilisks
  A golden eye (shapeshifter) (D:13)
  3 chaos spawn
  2 steam dragons (D:10)
  8 redbacks
  18 vampire mosquitoes
  5 neqoxecs
  12 swamp worms
  2 acid dragons
  28 nagas
  17 water moccasins
  3 floating eyes
  6 hell hounds
  10 orc warriors
  9 nameless horrors
  11 swamp drakes
  An ice beast (D:5)
  A sky beast (D:7)
  5 black bears
  5 ogres
  4 boggarts (Vaults:2)
  9 centaurs
  10 wolves
  A kobold brigand (D:5)
  An elf zombie (Elf:1)
  9 bullfrogs
  4 necrophages (Swamp:1)
  3 earth elementals
  3 scorpions (D:5)
  5 wights
  3 jellies
  5 howler monkeys
  3 small abominations (Abyss:3)
  2 centaur zombies
  A bullfrog zombie (D:5)
  6 lava snakes
  5 orc priests
  2 hounds (D:5)
  An iron imp (Abyss:3)
  A sleepcap (D:8)
  8 orc wizards
  An iguana (D:5)
  A killer bee zombie (D:5)
  2 hound zombies (D:5)
  8 gnolls
  4 adders
  3 shadow imps
  2 white imps
  2 ufetubi
  2 dart slugs
  36 orcs
  A bat (D:1)
  4 endoplasms
  2 giant cockroaches
  6 goblins
  9 hobgoblins
  4 jackals
  3 quokkas
  3 ball pythons
  8 kobolds
  7 rats
  5 starspawn tentacles (Abyss:3)
1372 creatures vanquished.

Vanquished Creatures (collateral kills)
  Mennas (Depths:4)
  A caustic shrike (Depths:4)
  2 bone dragons
  A walking crystal tome (Depths:2)
  A tentacled monstrosity (Zot:3)
  A lich (Vaults:5)
  2 sphinxes
  2 quicksilver dragons
  A tentacled starspawn (Abyss:3)
  3 shadow dragons
  A tengu reaver (Vaults:5)
  Kirke (Lair:5)
  A draconian monk (Depths:4)
  A fire giant (Depths:2)
  A ghost moth (Zot:1)
  2 deep elf sorcerers (Elf:3)
  An iron dragon (Vaults:5)
  5 vault wardens
  2 frost giants
  A balrug (Depths:2)
  A draconian shifter (Depths:4)
  A draconian stormcaller (Zot:3)
  7 ironbound preservers
  A draconian annihilator (Zot:3)
  A spriggan defender (Depths:4)
  4 very ugly things
  2 stone giants
  A black draconian (Depths:4)
  4 purple draconians
  2 bunyips
  3 green draconians
  2 white draconians
  A deep elf annihilator (Elf:3)
  2 yellow draconians
  A crystal guardian (Vaults:1)
  3 ettins
  3 fire dragons
  A yaktaur captain (Depths:4)
  A great orb of eyes (Vaults:3)
  7 vault guards
  2 ice dragons
  A hydra (Lair:5)
  2 salamander tyrants
  An ogre mage (Vaults:5)
  A spriggan skeleton (Abyss:3)
  2 spriggan air magi (Depths:3)
  2 anacondas (Snake:4)
  2 alligators
  A deep troll earth mage (Depths:2)
  2 two-headed ogres
  A deep troll shaman (Depths:4)
  2 death knights
  A dancing weapon (Elf:2)
  3 tengu warriors
  An orc high priest (Orc:2)
  4 naga sharpshooters
  3 spriggan berserkers
  3 shock serpents
  2 hell knights (Depths:1)
  A skyshark (Lair:5)
  A shadow wraith (Vaults:5)
  5 nameless horrors
  2 iron trolls
  17 deep trolls
  A skeletal warrior (D:12)
  A flayed ghost (Depths:2)
  A swamp dragon (Swamp:4)
  A spriggan druid (Swamp:1)
  A naga ritualist (Snake:2)
  A bog body (Swamp:3)
  2 deep elf archers
  4 orc knights (Orc:2)
  2 ironbound convokers
  2 lindwurms
  2 wizards
  2 harpies (Vaults:1)
  A deep elf zephyrmancer (Elf:1)
  5 deep elf pyromancers
  10 ugly things
  2 orc sorcerers (Orc:2)
  A worldbinder (Abyss:3)
  6 moths of wrath
  5 salamanders
  6 naga magi
  5 black mambas
  2 elephants (Lair:2)
  2 vault sentinels
  4 cane toads
  A smoke demon (Depths:2)
  An orange demon (Lair:2)
  A hellion (Depths:2)
  6 komodo dragons
  2 freezing wraiths
  A tengu conjurer (Depths:1)
  3 yaktaurs
  2 trolls
  A red devil (Abyss:3)
  A meliai (D:15)
  A polar bear (Lair:3)
  4 hornets
  2 tyrant leeches
  5 blink frogs
  3 saltlings (Orc:2)
  4 raiju (Abyss:3)
  4 dream sheep (Lair:5)
  3 slime creatures (D:12)
  An air elemental (Abyss:3)
  A shadow (D:9)
  Sigmund (D:3)
  3 wyverns
  A wraith (D:11)
  9 yaks
  9 spriggans
  2 steam dragons
  Grum (D:8)
  3 basilisks (Lair:5)
  5 water elementals
  A redback (Vaults:4)
  A warg (Orc:2)
  8 nagas
  3 water moccasins
  6 hell hounds
  A floating eye (Depths:4)
  A swamp drake (Swamp:3)
  9 orc warriors
  A black bear (D:6)
  3 ogres
  7 wolves
  2 centaurs
  2 elf zombies (Elf:1)
  2 kobold brigands
  A gnoll sergeant (D:10)
  3 scorpions
  7 wights
  A howler monkey (D:6)
  2 lava snakes (Lair:5)
  A jelly (D:7)
  A hound (D:5)
  7 orc priests
  3 starcursed masses (Abyss:3)
  A gnoll bouda (D:10)
  An iguana (D:5)
  6 orc wizards
  9 gnolls
  2 worms
  2 dart slugs
  33 orcs
  4 endoplasms
  4 goblins
  2 hobgoblins
  2 jackals
  A bat (D:1)
  A frilled lizard (D:1)
  13 kobolds
  2 rats (D:3)
447 creatures vanquished.

Vanquished Creatures (others)
  16 eldritch tentacles
  A frost giant (Vaults:5)
  A fire dragon (Depths:2)
  A deep elf high priest (Vaults:5)
  A salamander tyrant (Snake:4)
  A hydra (Swamp:2)
  An alligator (Swamp:1)
  A dancing weapon (Elf:3)
  A shock serpent (Snake:4)
  A spriggan berserker (Depths:4)
  A deep elf pyromancer (Elf:1)
  A guardian serpent (Snake:4)
  6 bloated husks
  A human (Lair:5)
  A water elemental (Elf:2)
  A vampire mosquito (Swamp:3)
  21 foxfires
  70 spectral weapons
  7 starspawn tentacles
134 creatures vanquished.

Grand Total: 1953 creatures vanquished

Notes
Turn   | Place    | Note
-------+----------+-------------------------------------------
     0 | D:1      | Shard1697 the Draconian Summoner began the quest for the
                  | Orb.
     0 | D:1      | Reached XP level 1. HP: 14/14 MP: 3/3
   148 | D:1      | Reached XP level 2. HP: 20/20 MP: 5/5
   164 | D:1      | Learned a level 2 spell: Call Imp
  1143 | D:1      | Reached XP level 3. HP: 18/26 MP: 7/7
  1162 | D:1      | Learned a level 3 spell: Call Canine Familiar
  1931 | D:2      | Reached XP level 4. HP: 10/33 MP: 3/8
  2240 | D:3      | Found a hazy altar of Hepliaklqana.
  2279 | D:3      | Reached skill level 5 in Summonings
  2685 | D:3      | Learned a level 4 spell: Summon Lightning Spire
  2793 | D:3      | Noticed Sigmund
  2805 | D:3      | Reached XP level 5. HP: 14/38 MP: 5/10
  2824 | D:3      | Killed Sigmund
  2825 | D:3      | Reached XP level 6. HP: 23/45 MP: 4/11
  3163 | D:4      | Reached skill level 6 in Summonings
  3285 | D:4      | You fall into a shaft and drop 1 floor!
  3285 | D:5      | Entered Level 5 of the Dungeon
  3417 | D:5      | Gained mutation: You are somewhat resistant to further
                  | mutation. [potion of mutation]
  3417 | D:5      | HP: 1/45 [poisoned by a kobold brigand]
  3421 | D:5      | Your scales start taking on a dull iron-grey colour.
  3421 | D:5      | Reached XP level 7. HP: 26/50 MP: 10/12
  3679 | D:5      | Reached skill level 7 in Summonings
  3915 | D:5      | Found an ornate altar of the Wu Jian Council.
  3988 | D:5      | Found an opulent altar of Gozag.
  4054 | D:5      | Found a broken altar of Ashenzari.
  4123 | D:5      | Got the Grimoire of Vapour
  4232 | D:5      | Found a basalt altar of Yredelemnul.
  4247 | D:5      | Reached XP level 8. HP: 46/57 MP: 13/13
  4564 | D:5      | Reached skill level 8 in Summonings
  4631 | D:5      | Reached skill level 5 in Air Magic
  4785 | D:5      | Found a shimmering altar of Xom.
  4880 | D:5      | Found a stormy altar of Qazlal.
  5114 | D:6      | Identified the +0 leather armour "Yblaleor" {-Tele rPois
                  | rF+++ Stlth-}
  5253 | D:6      | Found Waoproz's Distillery.
  5263 | D:6      | Bought a potion of invisibility for 112 gold pieces
  5263 | D:6      | Bought a potion of curing for 42 gold pieces
  5263 | D:6      | Bought a potion of heal wounds for 70 gold pieces
  5263 | D:6      | Bought a potion of brilliance for 56 gold pieces
  5377 | D:6      | Found a hide-covered altar of Uskayaw.
  5382 | D:6      | Found a sparkling altar of Nemelex Xobeh.
  5781 | D:7      | Reached skill level 9 in Summonings
  5784 | D:7      | Reached skill level 5 in Spellcasting
  5929 | D:7      | Found a staircase to the Ecumenical Temple.
  5935 | Temple   | Entered the Ecumenical Temple
  6157 | D:7      | Reached skill level 1 in Fighting
  6173 | D:7      | Reached XP level 9. HP: 49/64 MP: 16/16
  7053 | D:8      | Reached skill level 1 in Long Blades
  7073 | D:8      | Found a flagged portal.
  7096 | Bailey   | Entered a bailey
  7220 | Bailey   | Identified the +0 steam dragon scales of Life {rPois Str+3
                  | Dex-3 SInv}
  7289 | Bailey   | Reached skill level 5 in Long Blades
  7413 | Bailey   | Identified the +4 short sword "Puruffai" {holy, Str+5}
  7457 | Bailey   | Noticed a two-headed ogre
  7479 | Bailey   | Killed a two-headed ogre
  7480 | Bailey   | Reached XP level 10. HP: 70/78 MP: 7/17
  7921 | D:8      | Found a staircase to the Lair.
  7981 | D:8      | Noticed Grum
  8013 | D:8      | Killed Grum
  8032 | D:8      | Reached skill level 10 in Long Blades
  8325 | D:8      | Noticed Prince Ribbit
  8338 | D:8      | Killed Prince Ribbit
  9076 | D:9      | Reached skill level 5 in Fighting
  9320 | D:9      | Found a shimmering blue altar of Sif Muna.
  9403 | D:9      | Became a worshipper of Sif Muna the Loreminder
  9528 | D:9      | Found a blossoming altar of Fedhas.
  9575 | D:10     | Entered Level 10 of the Dungeon
 10026 | D:10     | Reached XP level 11. HP: 89/89 MP: 13/18
 10155 | D:10     | Found Deismop's Magic Scroll Emporium.
 10160 | D:10     | Bought a scroll of blinking for 75 gold pieces
 10160 | D:10     | Bought a scroll of identify for 20 gold pieces
 10202 | D:10     | Found a burning altar of Makhleb.
 10848 | D:11     | Reached * piety under Sif Muna
 10890 | D:11     | Found a staircase to the Orcish Mines.
 11700 | D:12     | Noticed a two-headed ogre
 11710 | D:12     | Killed a two-headed ogre
 11780 | D:12     | Noticed a skeletal warrior
 11780 | D:12     | Noticed a skeletal warrior
 11780 | D:12     | Noticed a skeletal warrior
 11832 | D:12     | Killed a skeletal warrior
 12416 | D:12     | Noticed a cyan ugly thing
 12430 | D:12     | Noticed a skeletal warrior
 12431 | D:12     | Noticed a skeletal warrior
 12553 | D:12     | Noticed a green ugly thing
 12572 | D:11     | Killed a green ugly thing
 12666 | Lair:1   | Entered Level 1 of the Lair of Beasts
 12753 | Lair:1   | Reached ** piety under Sif Muna
 13241 | Lair:1   | Reached XP level 12. HP: 106/106 MP: 14/19
 13665 | Lair:1   | Noticed Gastronok
 13688 | Lair:1   | Killed Gastronok
 13689 | Lair:1   | Reached skill level 10 in Fighting
 13765 | Lair:1   | Found a transporter.
 13795 | Lair:1   | Found a transporter.
 13809 | Lair:1   | Noticed Offeog's ghost (journeyman DDFi)
 14000 | Lair:2   | Found a staircase to the Swamp.
 14179 | Lair:2   | Reached skill level 10 in Summonings
 14404 | Lair:2   | Reached skill level 5 in Dodging
 14494 | Lair:2   | Noticed a death yak
 14494 | Lair:2   | Noticed a death yak
 14507 | Lair:2   | Killed a death yak
 14511 | Lair:2   | Killed a death yak
 14515 | Lair:2   | Noticed a death yak
 14534 | Lair:2   | Killed a death yak
 14714 | Lair:2   | Learned a level 3 spell: Vhi's Electric Charge
 14717 | Lair:2   | You fall into a shaft and drop 1 floor!
 14937 | Lair:3   | Reached skill level 11 in Summonings
 15086 | Lair:3   | Reached *** piety under Sif Muna
 15266 | Lair:3   | Reached XP level 13. HP: 113/113 MP: 20/20
 16039 | Lair:2   | Noticed Amaemon
 16051 | Lair:2   | Killed Amaemon
 16052 | Lair:2   | Reached skill level 1 in Translocations
 16207 | Lair:2   | Identified the +10 trident "Kughul" {venom, rF+}
 16463 | Lair:2   | Found a staircase to the Snake Pit.
 16988 | Lair:4   | Found a dark tunnel.
 17003 | Volcano  | Entered a volcano
 17077 | Volcano  | Reached **** piety under Sif Muna
 17587 | Lair:4   | Found a staircase to the Slime Pits.
 17652 | Lair:4   | Found a viscous altar of Jiyva.
 17653 | Lair:4   | Identified the +5 dagger "Tagog" {heavy, Will+}
 17672 | Lair:4   | Learned a level 4 spell: Sticky Flame
 17845 | Lair:4   | Reached skill level 1 in Conjurations
 17845 | Lair:4   | Reached skill level 1 in Fire Magic
 18357 | Lair:4   | Identified the +3 sling of Dithmenos's Regard {antimagic,
                  | rPois rCorr}
 18674 | Lair:5   | Entered Level 5 of the Lair of Beasts
 19104 | Lair:5   | Reached XP level 14. HP: 103/121 MP: 21/21
 19205 | Lair:5   | Reached ***** piety under Sif Muna
 19210 | Lair:5   | Reached skill level 5 in Conjurations
 19210 | Lair:5   | Reached skill level 5 in Fire Magic
 19365 | Lair:5   | Received a gift from Sif Muna
 19368 | Lair:5   | Got Sif Muna's Parchment of the Radiant Blaze {god gift}
 19496 | Lair:5   | Noticed Kirke
 19522 | Lair:5   | Killed Kirke
 19546 | Lair:5   | Learned a level 5 spell: Fireball
 20481 | Lair:5   | Found a large runed translucent door.
 20481 | Lair:5   | Found a large runed translucent door.
 21107 | Orc:1    | Entered Level 1 of the Orcish Mines
 21783 | Orc:2    | Entered Level 2 of the Orcish Mines
 21953 | Orc:2    | Found a staircase to the Elven Halls.
 22088 | Orc:2    | Noticed Nessos
 22105 | Orc:2    | Killed Nessos
 23240 | Orc:2    | Reached skill level 5 in Stealth
 23244 | Orc:2    | Found Kumu's Distillery.
 23750 | Orc:2    | Found Jirau's Antique Weapon Shoppe.
 23752 | Orc:2    | Found Qymay's Antique Weapon Shoppe.
 23757 | Orc:2    | Bought a runed demon blade for 504 gold pieces
 23783 | Orc:2    | Found Onlye's Distillery.
 23783 | Orc:2    | Noticed an orc warlord
 23791 | Orc:2    | Received a gift from Sif Muna
 23805 | Orc:2    | Killed an orc warlord
 23821 | Orc:2    | Bought a potion of resistance for 120 gold pieces
 23884 | Orc:2    | Bought a potion of might for 52 gold pieces
 23884 | Orc:2    | Bought a potion of mutation for 104 gold pieces
 23884 | Orc:2    | Bought a potion of might for 52 gold pieces
 23884 | Orc:2    | Bought a potion of curing for 39 gold pieces
 24127 | D:12     | Noticed Erolcha
 24134 | D:12     | Killed Erolcha
 24438 | D:13     | Reached XP level 15. HP: 109/126 MP: 22/22
 25073 | D:13     | Found a gate to the Vaults.
 25221 | D:13     | Found a portal to a secret trove of treasure.
 25640 | D:14     | Found Gibusuosh's Assorted Antiques.
 25654 | D:14     | Reached skill level 10 in Dodging
 25655 | D:14     | Bought a scroll of summoning for 266 gold pieces
 25655 | D:14     | Bought a scroll of fear for 112 gold pieces
 25655 | D:14     | Bought a buckler for 126 gold pieces
 25824 | D:14     | Reached skill level 1 in Shields
 26635 | D:15     | Entered Level 15 of the Dungeon
 27628 | D:15     | Learned a level 7 spell: Spellforged Servitor
 27693 | D:15     | Found a staircase to the Depths.
 28352 | Swamp:1  | Entered Level 1 of the Swamp
 28519 | Swamp:1  | Identified the +9 flail of the Hurling Enemy {speed, rF-
                  | Str+3 Int+8}
 29692 | Swamp:1  | Learned a level 5 spell: Summon Mana Viper
 29885 | Swamp:2  | Reached skill level 5 in Shields
 29898 | Swamp:2  | Reached skill level 1 in Hexes
 30108 | Swamp:2  | Reached skill level 12 in Summonings
 30470 | Swamp:2  | Reached XP level 16. HP: 134/134 MP: 25/26
 30484 | Swamp:2  | Received a gift from Sif Muna
 30487 | Swamp:2  | Got Sif Muna's Teachings on Dislocated Company {god gift}
 32252 | Swamp:4  | Entered Level 4 of the Swamp
 32387 | Swamp:4  | Reached skill level 13 in Summonings
 33744 | Swamp:4  | Noticed the 27-headed Lernaean hydra
 33829 | Swamp:4  | Killed the 27-headed Lernaean hydra
 33985 | Swamp:4  | Got a decaying rune of Zot
 34267 | Swamp:4  | Noticed a thorn hunter
 34285 | Swamp:4  | Killed a thorn hunter
 34399 | Swamp:4  | Found a runed translucent door.
 34400 | Swamp:4  | Found a shimmering altar of Xom.
 34400 | Swamp:4  | Noticed Necop's ghost (adept AtBe)
 34445 | Swamp:4  | Killed Necop's ghost
 34452 | Swamp:4  | Identified the +5 falchion "Suddij" {heavy, rCorr}
 34830 | Snake:1  | Entered Level 1 of the Snake Pit
 34873 | Snake:1  | Reached skill level 14 in Summonings
 35101 | Snake:1  | Learned a level 7 spell: Monstrous Menagerie
 35392 | Snake:1  | Received a gift from Sif Muna
 35395 | Snake:1  | Got Sif Muna's Discursus on Correspondence {god gift}
 35417 | Snake:1  | Reached XP level 17. HP: 83/145 MP: 26/29
 35669 | Snake:1  | Found Heneceor's Weapon Emporium.
 35669 | Snake:1  | Found Leog's Weapon Shoppe.
 35670 | Snake:1  | Found Sothrawul's Jewellery Emporium.
 35672 | Snake:1  | Found Alikeas's General Store.
 35688 | Snake:1  | Bought a +0 cloak of stealth for 161 gold pieces
 35870 | Snake:1  | Found an opulent altar of Gozag.
 36586 | Snake:2  | Reached skill level 15 in Summonings
 38718 | Snake:4  | Entered Level 4 of the Snake Pit
 38816 | Snake:4  | Reached skill level 16 in Summonings
 39625 | Snake:4  | Received a gift from Sif Muna
 39897 | Snake:4  | Found the +3 pair of mountain boots {steadfast, rC+}
 40028 | Snake:4  | Identified a scroll of acquirement
 40061 | Snake:4  | Acquired the +2 hat of Tentacled Music {Dex+3 Slay+3}
 41084 | Snake:4  | Reached skill level 17 in Summonings
 41087 | Snake:4  | Reached XP level 18. HP: 42/151 MP: 11/30
 41908 | Snake:4  | Got a serpentine rune of Zot
 42280 | Elf:1    | Entered Level 1 of the Elven Halls
 42280 | Elf:1    | Found a runed translucent gate.
 42280 | Elf:1    | Found a runed translucent gate.
 42280 | Elf:1    | Found a runed translucent gate.
 42280 | Elf:1    | Found a runed translucent gate.
 42280 | Elf:1    | Found a runed translucent gate.
 42280 | Elf:1    | Found a runed translucent gate.
 42281 | Elf:1    | Found a runed translucent door.
 42291 | Elf:1    | Received a gift from Sif Muna
 42294 | Elf:1    | Got Sif Muna's Atlas of the Doomed Wyrd {god gift}
 42297 | Elf:1    | Found a runed translucent door.
 42335 | Elf:1    | Paralysed by an air elemental for 1 turns
 42481 | Elf:1    | Reached skill level 10 in Shields
 42672 | Elf:1    | Got Jaanorgh's Enchiridion on Diablerie
 43344 | Elf:1    | Learned a level 7 spell: Malign Gateway
 43735 | Elf:1    | Identified the +4 trident of the Transmuting Asp {drain,
                  | +Blink rF+ Will- Dex+4}
 43910 | Elf:1    | Paralysed by an air elemental for 1 turns
 43914 | Elf:1    | Paralysed by an air elemental for 1 turns
 44021 | Elf:2    | Found Sepnoam's Jewellery Shoppe.
 44090 | Elf:2    | Reached skill level 18 in Summonings
 44380 | Elf:2    | Paralysed by an air elemental for 1 turns
 44483 | Elf:2    | Found a runed translucent gate.
 44494 | Elf:2    | Found a runed translucent gate.
 44494 | Elf:2    | Found a runed translucent gate.
 44658 | Elf:2    | Reached skill level 5 in Translocations
 45500 | Elf:3    | Entered Level 3 of the Elven Halls
 45637 | Elf:3    | Identified the +1 ring mail of Orthodoxy {rPois rC- rCorr
                  | Dex+5}
 45804 | Abyss:2  | Cast into level 2 of the Abyss (a deep elf demonologist)
 45823 | Abyss:2  | Found a corrupted altar of Lugonu.
 45841 | Abyss:2  | Found a corrupted altar of Lugonu.
 45842 | Abyss:2  | Found a corrupted altar of Lugonu.
 45842 | Abyss:2  | Found a corrupted altar of Lugonu.
 45843 | Abyss:2  | Found a corrupted altar of Lugonu.
 45881 | Abyss:2  | Reached skill level 1 in Invocations
 45899 | Abyss:2  | Found a corrupted altar of Lugonu.
 46052 | Abyss:2  | Reached XP level 19. HP: 118/158 MP: 25/31
 46074 | Abyss:2  | Received a gift from Sif Muna
 46075 | Abyss:2  | Got Xicrolu's Spellbook of Productive Striking {god gift}
 46286 | Abyss:2  | Noticed a bone dragon
 46307 | Abyss:2  | Killed a bone dragon
 46344 | Abyss:2  | Reached skill level 5 in Invocations
 46462 | Abyss:3  | Found a stormy altar of Qazlal.
 46539 | Elf:3    | Escaped the Abyss
 47672 | Elf:3    | Identified the +10 quarterstaff of Karma {venom, Stlth+}
 47713 | Elf:3    | Noticed a Tzitzimitl
 47734 | Elf:3    | Identified the +10 battleaxe of Uboniadgh {flame, rElec
                  | Dex+2 Stlth+}
 48151 | Elf:3    | Identified the +7 great mace of the Coward {venom, Str+4
                  | Int+3 Stlth+}
 48379 | Elf:3    | Identified the +1 chain mail "Vuobo" {rElec rF+ Str+3}
 48775 | Vaults:1 | Entered Level 1 of the Vaults
 49172 | Vaults:1 | Reached skill level 19 in Summonings
 49567 | Vaults:1 | Found Qubrui Weymi's General Store.
 49582 | Vaults:1 | Bought 3 scrolls of amnesia for 216 gold pieces
 49591 | Vaults:1 | Learned a level 6 spell: Summon Cactus Giant
 50177 | Vaults:1 | Received a gift from Sif Muna
 50182 | Vaults:1 | Got Sif Muna's Verses on Beguiling and Erosion {god gift}
 51028 | Vaults:2 | Reached XP level 20. HP: 166/166 MP: 32/32
 51198 | Vaults:2 | Acquired a +2 pair of gloves of dexterity
 51974 | Vaults:2 | Identified the +10 arbalest of Umael {penet, +Blink rF+
                  | Str-2 SInv}
 52180 | Vaults:3 | Reached skill level 10 in Translocations
 52443 | Vaults:2 | Received a gift from Sif Muna
 52446 | Vaults:2 | Got Lom Lobon's Anthology of Places {god gift}
 53620 | Vaults:3 | Found a staircase to the Crypt.
 54282 | Vaults:3 | Reached skill level 20 in Summonings
 54790 | Vaults:4 | Reached skill level 15 in Shields
 55073 | Vaults:4 | Received a gift from Sif Muna
 55074 | Vaults:4 | Got Suim's Volume of Cursed Movement {god gift}
 56364 | Depths:1 | Entered Level 1 of the Depths
 56795 | Depths:1 | Reached XP level 21. HP: 59/172 MP: 4/33
 57049 | Depths:1 | Learned a level 2 spell: Blink
 57054 | Depths:1 | Learned a level 4 spell: Passage of Golubria
 57061 | Depths:1 | Identified the ring "Doroh" {+Blink rElec rC+ Slay-5}
 57437 | Depths:1 | Found Miafoig's Antique Weapon Shop.
 57444 | Depths:1 | Identified the +8 dagger "Iwal" {heavy, rPois Int+2 Dex+3
                  | Stlth+}
 57555 | Depths:1 | Received a gift from Sif Muna
 57902 | Depths:1 | Got Sif Muna's Anthology of Position and Malisons {god
                  | gift}
 58474 | Depths:1 | Found a gateway to Hell.
 58849 | Depths:2 | Found a one-way gateway to a ziggurat.
 58934 | Depths:2 | Found Ruaps's Assorted Antiques.
 58974 | Depths:2 | Found a hide-covered altar of Uskayaw.
 59367 | Depths:2 | Reached skill level 10 in Spellcasting
 59925 | Depths:2 | Noticed a caustic shrike
 59950 | Depths:2 | Killed a caustic shrike
 60076 | Depths:2 | Identified the +0 plate armour "Dimmimof" {-Cast rPois
                  | SInv}
 60291 | Depths:2 | Found a one-way gate to the infinite horrors of the Abyss.
 60407 | Depths:2 | Found a one-way gate leading to the halls of Pandemonium.
 60934 | Depths:2 | Bought 2 potions of haste for 420 gold pieces
 60934 | Depths:2 | Bought a scroll of amnesia for 84 gold pieces
 61663 | Depths:3 | Received a gift from Sif Muna
 61917 | Depths:3 | Got Sif Muna's Information on Unstable Outbursts {god gift}
 62211 | Depths:3 | Learned a level 8 spell: Summon Horrible Things
 62782 | Depths:3 | Reached XP level 22. HP: 164/185 MP: 37/37
 62976 | Depths:3 | Noticed a golden dragon
 63174 | Depths:3 | Killed a golden dragon
 63175 | Depths:3 | Reached skill level 21 in Summonings
 64354 | Depths:4 | Entered Level 4 of the Depths
 65510 | Depths:4 | Noticed Mennas
 65522 | Depths:4 | Killed Mennas
 65735 | Depths:4 | Received a gift from Sif Muna
 65738 | Depths:4 | Got Sif Muna's Anthology of the Atmosphere {god gift}
 66118 | Depths:4 | Reached skill level 15 in Long Blades
 66602 | Depths:4 | Noticed a caustic shrike
 66604 | Depths:4 | Noticed a caustic shrike
 66609 | Depths:4 | Killed a caustic shrike
 66612 | Depths:4 | Killed a caustic shrike
 66743 | Depths:4 | Noticed a golden dragon
 66772 | Depths:4 | Killed a golden dragon
 67163 | Depths:4 | Found Exawaq's Self-Improvement Boutique.
 67168 | Depths:4 | Identified the +1 falchion "Killer Klown's Curse" {venom,
                  | MP+9 Str+2}
 67173 | Depths:4 | Bought a manual of Dodging for 1920 gold pieces
 67226 | Depths:4 | Noticed a caustic shrike
 67234 | Depths:4 | Killed a caustic shrike
 67335 | Depths:4 | Found a gate to the Realm of Zot.
 67457 | Depths:4 | Voluntarily entered the Abyss.
 67559 | Abyss:3  | Paralysed by an air elemental for 1 turns
 67987 | Abyss:3  | Reached skill level 15 in Dodging
 68069 | Abyss:3  | Received a gift from Sif Muna
 68072 | Abyss:3  | Got Sif Muna's Foundations of Incantation {god gift}
 68110 | Abyss:3  | Found a corrupted altar of Lugonu.
 68137 | Abyss:3  | Found a corrupted altar of Lugonu.
 68137 | Abyss:3  | Found a corrupted altar of Lugonu.
 68342 | Abyss:3  | Reached XP level 23. HP: 175/196 MP: 25/38
 68703 | Abyss:3  | Found a corrupted altar of Lugonu.
 68704 | Abyss:3  | Noticed a dread lich
 68710 | Abyss:3  | Found a corrupted altar of Lugonu.
 68710 | Abyss:3  | Found a corrupted altar of Lugonu.
 68971 | Abyss:4  | Killed a dread lich
 68975 | Depths:4 | Escaped the Abyss
 69523 | Vaults:5 | Entered Level 5 of the Vaults
 69555 | Vaults:5 | Noticed a dread lich
 69556 | Vaults:5 | Identified the ring "Kyeck" {Fly rElec}
 69573 | Vaults:5 | Killed a dread lich
 69769 | Vaults:5 | Identified the ring "Ereu" {rC++ SInv}
 70074 | Vaults:5 | Got a silver rune of Zot
 70176 | Vaults:5 | Reached skill level 15 in Fighting
 70176 | Vaults:5 | Identified the +6 quarterstaff "Spider's Demise" {holy,
                  | *Slow rElec Will+ Int+3}
 70176 | Vaults:5 | Identified the ring of Paereas {Int+6 Dex+3 Slay+3}
 70195 | Vaults:5 | Received a gift from Sif Muna
 70211 | Vaults:5 | Noticed a dread lich
 70708 | Zot:1    | Entered Level 1 of the Realm of Zot
 70844 | Zot:2    | Noticed an orb of fire
 70857 | Zot:2    | Killed an orb of fire
 70871 | Zot:2    | Noticed a curse toe
 70961 | Zot:2    | Killed a curse toe
 71518 | Zot:3    | Reached skill level 22 in Summonings
 72395 | Zot:4    | Received a gift from Sif Muna
 72437 | Zot:4    | Killed from afar by a red draconian scorcher

Illustrated notes

Levels and vault maps discovered:
D:1:      ncdulo_wetmaze, layout_basic, minmay_box_of_dots
D:2:      layout_loops_corners
D:3:      layout_basic, mainiacjoe_overflow_tiny_flanked,
          kennysheep_generic_room_12, uniq_sigmund
D:4:      corexii_shack_village, layout_cave_pods
D:5:      cheibrodos_thug_alley, layout_loops_ring,
          nicolae_yredelemnul_corpse_copse, marbit_many_paths,
          nicolae_wu_jian_wuxing_cycle, nicolae_ashenzari_skybound,
          nicolae_gozag_cash_rules_everything_around_me, grunt_qazlal_sundering
D:6:      layout_basic, mainiacjoe_overflow_big_doors, serial_shops, shop,
          kennysheep_generic_room_7
D:7:      layout_cave_pods, minmay_temple_entry_steel_oval,
          kennysheep_generic_room_13
D:8:      nicolae_whirlpool, layout_basic, due_lair_maze_entry_diamond,
          enter_bailey_4, uniq_prince_ribbit1, uniq_grum
D:9:      layout_small_grid, fedhas_altar_fruit_tree,
          mainiacjoe_overflow_cross_hatched
D:10:     layout_loops_ring, nicolae_overflow_hidden_temple, serial_shops, shop
D:11:     layout_irregular_city, david_orc_5
D:12:     layout_loops_ring, uniq_erolcha
D:13:     layout_long_grid, lightli_vaults_fourway_checkpoint,
          trove_entry_hex_spiral
D:14:     layout_loops_ring, serial_shops, shop,
          hangedman_abyss_or_decor_stagger
D:15:     hangedman_depths_entry_civil_slaughter, layout_long_grid
Temple:   zaba_magenta_temple
Lair:1:   layout_gridlike, nzn_ghost_randoct, infiniplex_staircase_pool_2,
          lemuel_fruit_tree, uniq_gastronok
Lair:2:   layout_roguey, minmay_swamp_entry_wisps,
          nicolae_snake_entry_warm_welcome, grunt_megastairs_2, uniq_amaemon
Lair:3:   minmay_lair_oklob_chamber, layout_cave_pods,
          chequers_serial_rivers_large_b
Lair:4:   layout_regular_city, nicolae_slime_entry_slimehenge,
          nicolae_volcano_entry_vermiform, grunt_forest_large_clearing_hut
Lair:5:   cheibrodos_lair_end_hotspot, layout_loops_ring, uniq_kirke
Swamp:1:  layout_falls_marsh, nicolae_swamp_very_dense_foliage, swamp_pool5,
          st_shrine_of_shade
Swamp:2:  layout_basic_swamp, evilmike_swamp_ruin_house_3
Swamp:3:  layout_basic_swamp, evilmike_swamp_ruin_house_2, swamp_pool3
Swamp:4:  grunt_swamp_rune_castle, layout_basic_swamp, ebering_ghost_xom,
          water_boxes_lemuel
Snake:1:  layout_misc_corridors, basic_altar, minmay_shoptagon,
          grunt_megastairs_3
Snake:2:  layout_misc_corridors
Snake:3:  layout_layer_cave
Snake:4:  snake_pit_salamanders_mu, layout_grid_maze, serial_bayou_shore_a
Orc:1:    layout_caves
Orc:2:    hellmonk_orc_salted, layout_diamond_mine, uniq_nessos
Elf:1:    nicolae_elf_arrival_dilemma, layout_gridlike, minmay_elf_necromancy,
          nicolae_elf_crossing_hall, roderic_lattice_octagonal_star
Elf:2:    nicolae_elf_blades_splatter_lattice
          [nicolae_blade_entry_area_security], layout_geoelf_octagon,
          serial_shops, shop
Elf:3:    minmay_elf_hall_dome, layout_onion_city,
          serial_sigils_hangedman_stare, nicolae_elf_big_sculpture_2
Vaults:1: nicolae_vaults_little_ls, nicolae_vaults_trapezoid_lopsided_1,
          nicolae_vaults_heart-shaped_vault, grunt_vaults_hallway_long,
          nicolae_vaults_border_crossing, nicolae_vaults_prndl,
          nicolae_vaults_closet_pinwheel_2, nicolae_vaults_layer_cake_slice,
          nicolae_vaults_mini_display_case, dpeg_vaults_monster_box,
          ontoclasm_vaults_pinch, v_rooms_2, vaults_mumra_chevron, v_misc_25,
          layout_vaults_omnibox, serial_shops, shop
Vaults:2: nicolae_vaults_network_quincunx
          [nicolae_vaults_network_quincunx_subvault,
          nicolae_vaults_network_quincunx_subvault,
          nicolae_vaults_network_quincunx_subvault,
          nicolae_vaults_network_quincunx_subvault,
          nicolae_vaults_network_quincunx_subvault], vaults_dpeg_spiral,
          v_misc_13, nicolae_vaults_theta, nicolae_vaults_yaktaur_gun_rack,
          layout_vaults_omnigrid
Vaults:3: v_alt_pattern_6, nicolae_vaults_theta, v_misc_32, grunt_vaults_swirl,
          nicolae_vaults_wine_cellar, nicolae_vaults_cornered_office,
          minmay_crypt_entry_simple_corners, nicolae_vaults_apartment_1,
          ontoclasm_vaults_twist, hangedman_vaults_slice,
          nicolae_vaults_double_plus_1, layout_vaults_chaotic_city
Vaults:4: nicolae_vaults_ring_of_whatevers, nicolae_vaults_little_squares_3,
          vaults_room_pool, nicolae_vaults_cornered_office, vaults_room_hallway,
          vaults_standard_mumra_x, nicolae_vaults_door_testing_chamber,
          grunt_vaults_diagonal, vaults_dpeg_diagonal,
          nicolae_vaults_closet_pinwheel_6, grunt_vaults_hallway_long,
          layout_vaults_ring
Vaults:5: serial_shops
Depths:1: dreamdust_tengu_aerie, layout_basic, serial_shops,
          nicolae_shop_tiny_glass, grunt_hell_entry_dis_mu, kennysheep_donut,
          kennysheep_path_1
Depths:2: minmay_triangles_in_corner, layout_basic, enter_ziggurat_a,
          hangedman_abyss_entry_splay, hellmouth_1,
          nicolae_uskayaw_murder_on_the_dancefloor, grunt_pan_entry_sceptre,
          nicolae_inconvenience_store, minmay_staircase_windowed_large
Depths:3: kennysheep_snake, layout_cave_pools, roderic_serpentine_path,
          abyss_entry, grunt_mini_vestibule, st_stairs_9
Depths:4: grunt_zot_entry_gee_three, layout_twisted_cross,
          pf_hell_entry_tar_spiral, grunt_decor_mini_mirrors, abyss_entry,
          nicolae_shop_self_help, uniq_mennas, uniq_grunn
Zot:1:    minmay_elemental_castle, layout_misc_corridors, uniq_tiamat
Zot:2:    layout_basic, st_small_dragon_hoard_2, grunt_ministairs_6,
          nicolae_lava_and_water, zot_minivault_7
Zot:3:    layout_misc_corridors, nzn_random_ring, grunt_megastairs_5
Zot:4:    layout_concentric_octagons

Skill      XL: |  1  2  3  4  5  6  7  8  9 10 11 12 13 14 15 16 17 18 19 20 21 22 23 |
---------------+----------------------------------------------------------------------+-----
Spellcasting   | 3 5 7 8 11 | 11.0
Summonings     | 5 6 7 9 11 12 14 17 18 19 20 21 22 | 22.2
Air Magic      | 2 3 4 5 6 |  6.5
Dodging        | 2 3 6 7 9 10 11 12 15 18 | 18.1
Fighting       | 1 3 5 9 10 11 13 14 15 | 15.9
Long Blades    | 7 10 12 14 15 | 15.3
Translocations | 4 6 9 12 | 12.7
Conjurations   | 4 7 9 |  9.7
Fire Magic     | 4 7 8 |  8.2
Stealth        | 5 |  5.0
Shields        | 5 8 12 13 15 | 15.3
Hexes          | 2 4 |  4.0
Invocations    | 2 6 9 |  9.3

Action                     |  1- 3 |  4- 6 |  7- 9 | 10-12 | 13-15 | 16-18 | 19-21 | 22-24 || total
---------------------------+-------+-------+-------+-------+-------+-------+-------+-------++-------
  Melee: Unarmed           |    12 |       |       |       |       |       |       |       ||    12
         Club              |    20 |       |       |       |       |       |       |       ||    20
         Quarterstaff      |    66 |    96 |   274 |       |       |       |       |       ||   436
         Whip              |     7 |       |       |       |       |       |       |       ||     7
         Tailslap          |     8 |    10 |    62 |    87 |   247 |   238 |   360 |   252 ||  1264
         Long sword        |       |       |    31 |   551 |    76 |       |       |       ||   658
         Punch             |       |       |       |    10 |    10 |       |       |       ||    20
         Scimitar          |       |       |       |       |   722 |    59 |       |       ||   781
         Dagger            |       |       |       |       |    22 |       |       |       ||    22
         Demon blade       |       |       |       |       |   458 |  1213 |  1366 |   903 ||  3940
         Eudemon blade     |       |       |       |       |       |       |       |    29 ||    29
   Cast: Summon Small Mamm |     5 |       |       |       |       |       |       |       ||     5
         Call Imp          |     6 |     9 |    11 |     6 |     1 |       |       |       ||    33
         Call Canine Famil |     1 |     9 |     7 |    11 |    11 |       |       |       ||    39
         Summon Lightning  |       |       |    17 |    67 |    75 |    11 |       |       ||   170
         Sticky Flame      |       |       |       |       |     3 |       |       |       ||     3
         Fireball          |       |       |       |       |     7 |    19 |    12 |     1 ||    39
         Summon Mana Viper |       |       |       |       |     7 |    31 |       |       ||    38
         Vhi's Electric Ch |       |       |       |       |     1 |    27 |    78 |    22 ||   128
         Monstrous Menager |       |       |       |       |       |    36 |   101 |    62 ||   199
         Summon Cactus Gia |       |       |       |       |       |       |    13 |       ||    13
         Malign Gateway    |       |       |       |       |       |       |     4 |    12 ||    16
         Passage of Golubr |       |       |       |       |       |       |     2 |       ||     2
         Blink             |       |       |       |       |       |       |     1 |     1 ||     2
         Summon Horrible T |       |       |       |       |       |       |       |    16 ||    16
 Invoke: Forget Spell      |       |       |       |       |     1 |     2 |       |       ||     3
         Channel Magic     |       |       |       |       |       |       |     1 |     3 ||     4
  Evoke: Wand              |       |       |       |       |     2 |     4 |       |       ||     6
    Use: Potion            |       |     3 |     5 |       |     5 |     1 |     3 |    12 ||    29
         Scroll            |       |       |    16 |     9 |    19 |     9 |     9 |    13 ||    75
   Stab: Sleeping          |     4 |     1 |     1 |     1 |     4 |    21 |    18 |     3 ||    53
         Distracted        |       |     1 |     1 |    13 |    26 |    54 |    60 |    36 ||   191
         Petrified         |       |       |       |       |     1 |       |       |       ||     1
         Confused          |       |       |       |       |     1 |       |       |       ||     1
         Invisible         |       |       |       |       |       |       |       |     1 ||     1
 Armour: Skin              |    40 |    52 |   206 |   240 |   572 |   428 |   369 |   212 ||  2119
  Dodge: Dodged            |    97 |    79 |   184 |   289 |   640 |   502 |   477 |   425 ||  2693
  Block: Other             |       |       |    87 |   137 |   162 |       |       |       ||   386
         Reflection        |       |       |       |     8 |    24 |    44 |    34 |    16 ||   126
         Buckler           |       |       |       |       |   178 |   272 |       |       ||   450
         Kite shield       |       |       |       |       |       |   292 |   872 |   692 ||  1856

Table legend: (Time is in decaauts)
 A = Elapsed time spent in this place.
 B = Non-inter-level travel time spent in this place.
 C = Inter-level travel time spent in this place.
 D = Time resting spent in this place.
 E = Time spent auto-exploring this place.
 F = Levels seen in this place.
 G = Mean time per level.
                   A        B        C        D        E       F      G
               +--------+--------+--------+--------+--------+-----+--------+
         Total |  72447 |  68953 |   3494 |  16786 |  36468 |  53 | 1366.9 |
       Dungeon |  17290 |  16109 |   1181 |   2198 |  10684 |  15 | 1152.7 |
        Temple |    103 |     87 |     16 |      0 |     37 |   1 |  103.0 |
          Lair |   8652 |   8178 |    474 |   1641 |   4995 |   5 | 1730.4 |
         Swamp |   6484 |   6340 |    144 |   2269 |   2830 |   4 | 1621.0 |
     Snake Pit |   6949 |   6666 |    283 |   1312 |   3811 |   4 | 1737.2 |
  Orcish Mines |   3051 |   2786 |    265 |    623 |   1663 |   2 | 1525.5 |
   Elven Halls |   5569 |   5381 |    188 |   1555 |   2524 |   3 | 1856.3 |
        Vaults |   8485 |   7911 |    574 |   1273 |   5176 |   5 | 1697.0 |
        Depths |  11097 |  10732 |    365 |   4266 |   4234 |   4 | 2774.2 |
           Zot |   1623 |   1623 |      0 |   1023 |    167 |   4 |  405.8 |
         Abyss |   2154 |   2154 |      0 |    271 |    165 |   4 |  538.5 |
        Bailey |    566 |    566 |      0 |    175 |    165 |   1 |  566.0 |
       Volcano |    419 |    419 |      0 |    177 |     15 |   1 |  419.0 |
               +--------+--------+--------+--------+--------+-----+--------+

Top non-repeatable levels by time:
Depths:3: 3509 daAuts
 Snake:4: 2891 daAuts
Depths:4: 2704 daAuts
Depths:2: 2593 daAuts
Depths:1: 2290 daAuts
   Orc:2: 2273 daAuts
 Swamp:4: 2239 daAuts
Vaults:3: 2196 daAuts
Vaults:4: 2080 daAuts
 Snake:3: 2074 daAuts
Vaults:1: 1987 daAuts
  Lair:5: 1958 daAuts
   Elf:3: 1927 daAuts
   Elf:2: 1890 daAuts
  Lair:2: 1829 daAuts
